Map: Tourmaline LE

Players

UgoSeven - Winner!

  • Race: Protoss Protoss
  • League: Diamond
  • Spawn Location: 7:00

HoldTheDoor

  • Race: Protoss Protoss
  • League: Diamond
  • Spawn Location: 1:00

VOD

Have the link to the VOD?

Description

Time

  • Played on: May 7, 2026, 2:38 p.m.
  • Length: 6:44
Show
View Real Time Build Order
Export as new Build Order

UgoSeven Protoss - Winner!

Build Orders:  

Get SALT Encoding   

  12  0:02  Probe  
  13  0:14  Probe  
  13  0:20  Pylon  
  14  0:26  Probe  
  15  0:34  Probe  
  15  0:41  Gateway  
  16  0:43  Probe  
  17  0:50  Assimilator  
  17  0:53  Probe  
  18  0:57  Assimilator  
  18  1:01  Probe  
  18  1:09  Probe  
  20  1:23  Pylon  
  20  1:37  Cybernetics Core  
  20  1:44  Probe  
  20  1:46  Pylon  
  21  1:56  Probe  
  21  2:00  Pylon  
  22  2:08  Probe  
  22  2:12  Stalker  
  25  2:19  Stargate  
  25  2:22  Warp Gate  
  25  2:25  Probe  
  26  2:30  Pylon  
  26  2:47  Stalker  
  27  3:14  Stalker  
  27  3:19  Nexus  
  29  3:25  Probe  
  30  3:27  Pylon  
  30  3:38  Robotics Facility  
  30  3:47  Shield Battery  
  30  4:08  Probe  
  31  4:12  Pylon  
  31  4:13  Gateway  
  31  4:16  Immortal  
  31  4:20  Probe  
  31  4:21  Stalker  
  38  4:32  Probe  
  39  4:49  Stalker  
  39  5:05  Immortal, Pylon  
  43  5:24  Gateway, Stalker x2  
  43  5:27  Probe  
  43  5:28  Probe  
  49  5:36  Probe  
  49  5:39  Probe  
  51  5:51  Probe  
  48  6:11  Stalker x2  
  52  6:32  Stalker  
Show
View Real Time Build Order
Export as new Build Order

HoldTheDoor Protoss 

Build Orders:  

Get SALT Encoding   

  12  0:00  Probe  
  13  0:12  Probe  
  14  0:19  Pylon  
  14  0:24  Probe  
  15  0:33  Probe  
  15  0:40  Gateway  
  16  0:43  Probe  
  16  0:44  Assimilator  
  17  0:55  Probe  
  18  1:07  Probe  
  18  1:10  Pylon  
  19  1:20  Gateway, Probe  
  20  1:31  Cybernetics Core  
  20  1:32  Probe  
  21  1:35  Assimilator  
  21  1:40  Pylon  
  21  1:44  Probe  
  22  1:56  Probe  
  23  2:04  Stalker  
  23  2:08  Probe  
  26  2:09  Stalker  
  28  2:20  Pylon, Probe  
  29  2:32  Probe  
  29  2:33  Warp Gate  
  30  2:44  Probe  
  30  2:45  Sentry  
  30  2:49  Stalker  
  33  2:56  Probe  
  36  3:02  Shield Battery  
  36  3:04  Pylon  
  36  3:08  Probe  
  36  3:12  Shield Battery  
  37  3:25  Stalker x2  
  41  3:38  Stargate  
  41  3:53  Pylon  
  41  4:09  Nexus  
  41  4:13  Phoenix  
  41  4:16  Forge  
  41  4:21  Pylon  
  43  4:26  Probe  
  43  4:29  Gateway  
  43  4:30  Gateway  
  40  5:08  Stalker x2  
  45  5:21  Probe  
  45  5:23  Probe  
  45  5:25  Phoenix  
  48  5:30  Robotics Facility  
  48  5:33  Twilight Council  
  48  5:37  Gateway x2, Probe  
  48  5:40  Probe  
  50  5:50  Phoenix  
  50  5:54  Zealot  
  44  6:06  Zealot x2  
  40  6:28  Zealot x4  
Tags
 
Matchup
PvP
Replay Pack
SC2Mai2026
Spawn Locations
Cross Positions
Add a new tag
Caveats
  • Supply blocks, unpowered buildings, or Contaminate may cause inaccurate times.
  • Supply counts are checked every 10 seconds.